 Dungeon Crawl Stone Soup version 0.29.0-4-gdea44cf6ec (webtiles) character file.

Game seed: 11469386469152195491

1339 qw the Grappler (level 8, -2/68 HPs)
             Began as a Ghoul Fire Elementalist on Aug 29, 2022.
             Slain by a two-headed ogre
             ... wielding a +0 giant club
              (11 damage)
             ... on level 6 of the Dungeon.
             The game lasted 00:07:30 (7104 turns).

qw the Grappler (Ghoul Fire Elementalist)           Turns: 7104, Time: 00:07:31

Health: -2/68      AC: 11    Str: 14    XL:     8   Next: 61%
Magic:  9/9        EV:  9    Int: 10    God:
Gold:   894        SH:  0    Dex: 15    Spells: 9/10 levels left

rFire   + + .      SeeInvis .     - Unarmed
rCold   . . .      Faith    .   (no shield)
rNeg    + + +      Spirit   .   m - +0 fire dragon scales
rPois   inf        Reflect  .   (no helmet)
rElec   .          Harm     .   e - +0 cloak
rCorr   .          Rampage  .   k - +1 pair of gloves
Will    +....                   (no boots)
Stlth   ..........              (no amulet)
HPRegen 0.00/turn               d - +6 ring of dexterity
MPRegen 0.11/turn               g - ring of willpower

@: inhibited regen
A: claws 1, cold resistance 1, negative energy resistance 3, inhibited
regeneration, torment resistance 2, devour on kill
a: no special abilities


You were on level 6 of the Dungeon.
You visited 1 branch of the dungeon, and saw 6 of its levels.
You also visited: Sewer.

You collected 1284 gold pieces.
You spent 390 gold pieces at shops.


Innate Abilities, Weirdness & Mutations

You are immune to poison.
You have sharp fingernails.
Your flesh is cold resistant. (rC+)
You are immune to negative energy. (rN+++)
You do not regenerate when monsters are visible.
You are immune to unholy pain and torment.
You thrive by killing the living.


   Skills:
 - Level 5.0 Fighting
 - Level 2.0 Armour
 - Level 1.7 Dodging
 - Level 2.1 Stealth
 + Level 9.4 Unarmed Combat
 - Level 1.7 Spellcasting
 - Level 0.7 Conjurations
 - Level 2.4 Fire Magic


You had 9 spell levels left.
You knew the following spells:

 Your Spells              Type           Power      Damage    Failure   Level
a - Foxfire               Conj/Fire      16%        2x1d4     67%         1

Your spell library contained the following spells:

 Spells                   Type           Power      Damage    Failure   Level
 Scorch                   Fire           10%        2d5       71%         2
 Conjure Flame            Conj/Fire      4%         6-21      96%         3
 Inner Flame              Hex/Fire       3%         N/A       98%         3
 Flame Wave               Conj/Fire      4%         2d5       100%        4

Inventory:

Armour
 e - a +0 cloak (worn)
 k - a +1 pair of gloves (worn)
 l - a +0 chain mail
 m - +0 fire dragon scales (worn)
Jewellery
 a - a ring of fire
 d - a +6 ring of dexterity (left hand)
 f - a ring of resist corrosion
 g - a ring of willpower (right hand)
Scrolls
 b - a scroll of enchant weapon
 c - 7 scrolls of identify
 n - a scroll of blinking {unknown}
Potions
 h - 5 potions of haste
 i - a potion of heal wounds
 j - 2 potions of might
 o - a potion of curing
 s - a potion of cancellation
 t - a potion of resistance

Dungeon Overview and Level Annotations

Branches:
Dungeon (6/15)              Sewer (visited)
 Temple: D:4-7

Altars:
Cheibriados
Dithmenos
Nemelex Xobeh
Trog

Shops:
D:1 *   D:5 !


Message History

HP restored.
You open the door.
There is an open door here.
Found a stone staircase leading down.
Found an escape hatch in the floor.
There is a stone staircase leading down here.
Found a quarterstaff.
Found a stone staircase leading up.
An adder comes into view.
The adder bites you but does no damage.
You closely miss the adder. The adder bites you but does no damage.
You miss the adder. The adder bites you but does no damage.
You hit the adder but do no damage. The adder misses you.
You hit the adder.
The adder is moderately wounded.
The adder closely misses you.
You barely miss the adder.
The adder is moderately wounded.
The adder bites you but does no damage.
You punch the adder!
You kill the adder!
n - a scroll labelled DUON GISKAHU You open the door.
There is an open door here.
There is an open door here.
You barely miss the two-headed ogre. The two-headed ogre barely misses you.
The two-headed ogre closely misses you.
You hit the two-headed ogre but do no damage.
The two-headed ogre hits you with a +0 giant club!!
The two-headed ogre hits you with a +0 giant club.
You punch the two-headed ogre! You punch the two-headed ogre.
The two-headed ogre is lightly wounded.
You hit the two-headed ogre.
The two-headed ogre is moderately wounded.
The two-headed ogre hits you with a +0 giant club!!
The two-headed ogre hits you with a +0 giant club!
You die...

#....#.# #####.#.#.###.....~~
#....#.###...#.#.......#.##~#
#....#......>..............~#
##########.#.....#.#...#.##~#
#........^.####.# #
#....>....%)....# ~#
###.######..##### ~~
#.........<.# #.#@#####.#.#
#+#O# #. .# ..# ## ## ....
..... #...... #....#.
#....#.. )


You could see a two-headed ogre.

Vanquished Creatures
  Sigmund (D:2)
  A black bear (D:4)
  An ogre (D:5)
  Blork the orc (D:5)
  A kobold brigand (Sewer)
  A necrophage (D:5)
  4 scorpions (D:5)
  An orc priest (D:4)
  3 hounds (D:5)
  A gnoll bouda (D:5)
  An iguana (D:5)
  3 orc wizards
  4 gnolls (D:5)
  7 adders
  6 river rats (Sewer)
  6 worms
  2 dart slugs
  23 orcs
  6 ball pythons
  6 endoplasms
  9 giant cockroaches
  5 goblins
  11 hobgoblins
  4 jackals
  3 quokkas
  3 bats
  9 frilled lizards
  4 kobolds
  6 rats
133 creatures vanquished.

Vanquished Creatures (others)
  7 plants
7 creatures vanquished.

Grand Total: 140 creatures vanquished

Notes
Turn   | Place    | Note
-------+----------+-------------------------------------------
     0 | D:1      | qw the Ghoul Fire Elementalist began the quest for the Orb.
     0 | D:1      | Reached XP level 1. HP: 14/14 MP: 2/2
     0 | D:1      | 0 ||| qw: Version: 0.1-a-89-g26bdef1
     0 | D:1      | 0 ||| qw: Game counter: 3648
     0 | D:1      | 0 ||| qw: Always use a shield: true
     0 | D:1      | 0 ||| qw: God list: Okawaru
     0 | D:1      | 0 ||| qw: Allow faded altars: false
     0 | D:1      | 0 ||| qw: Do Orc after D:15 true
     0 | D:1      | 0 ||| qw: Do second Lair branch before Depths: true
     0 | D:1      | 0 ||| qw: Lair rune preference: random
     0 | D:1      | 0 ||| qw: Plans: Normal
     0 | D:1      | 0 ||| PLANNING D:1-11
     0 | D:1      | 0 ||| qw: Version: 0.1-a-89-g26bdef1
     0 | D:1      | 0 ||| qw: Game counter: 3649
     0 | D:1      | 0 ||| qw: Always use a shield: true
     0 | D:1      | 0 ||| qw: God list: Okawaru
     0 | D:1      | 0 ||| qw: Allow faded altars: false
     0 | D:1      | 0 ||| qw: Do Orc after D:15 true
     0 | D:1      | 0 ||| qw: Do second Lair branch before Depths: true
     0 | D:1      | 0 ||| qw: Lair rune preference: random
     0 | D:1      | 0 ||| qw: Plans: Normal
     0 | D:1      | 0 ||| PLANNING D:1-11
     0 | D:1      | 0 ||| qw: Version: 0.1-a-90-g952f4b7
     0 | D:1      | 0 ||| qw: Game counter: 3650
     0 | D:1      | 0 ||| qw: Always use a shield: true
     0 | D:1      | 0 ||| qw: God list: Okawaru
     0 | D:1      | 0 ||| qw: Allow faded altars: false
     0 | D:1      | 0 ||| qw: Do Orc after D:15 true
     0 | D:1      | 0 ||| qw: Do second Lair branch before Depths: true
     0 | D:1      | 0 ||| qw: Lair rune preference: random
     0 | D:1      | 0 ||| qw: Plans: Normal
     0 | D:1      | 0 ||| PLANNING D:1-11
    28 | D:1      | 28 ||| Stepping ~*~*~tactically~*~*~ (stealth).
    29 | D:1      | 29 ||| Stepping ~*~*~tactically~*~*~ (stealth).
    95 | D:1      | Reached skill level 1 in Unarmed Combat
    95 | D:1      | 95 ||| Stepping ~*~*~tactically~*~*~ (stealth).
    97 | D:1      | 97 ||| Stepping ~*~*~tactically~*~*~ (stealth).
   110 | D:1      | 110 ||| Stepping ~*~*~tactically~*~*~ (stealth).
   112 | D:1      | 112 ||| Stepping ~*~*~tactically~*~*~ (stealth).
   174 | D:1      | Reached skill level 1 in Fighting
   174 | D:1      | Reached XP level 2. HP: 22/23 MP: 3/3
   222 | D:1      | 222 ||| Stepping ~*~*~tactically~*~*~ (stealth).
   279 | D:1      | Found Deqy Happ's General Store.
   283 | D:1      | 283 ||| SHOPLISTING +9 plate armour "Wafaecut" {rN+} (792
                  | gold, have 23).
   283 | D:1      | 283 ||| SHOPLISTING 3 scrolls of identify (60 gold, have
                  | 23).
   283 | D:1      | 283 ||| SHOPLISTING potion of curing (30 gold, have 23).
   283 | D:1      | 283 ||| BUYING scroll of identify (20 gold).
   283 | D:1      | Bought a scroll of identify for 20 gold pieces
   443 | D:1      | Reached skill level 2 in Unarmed Combat
   519 | D:1      | 519 ||| Stepping ~*~*~tactically~*~*~ (stealth).
   918 | D:1      | 918 ||| READING scroll labelled PIAMUT VYATRUODIU.
   922 | D:1      | 922 ||| READING scroll labelled SYCSOLEW VIWNE.
   923 | D:1      | 923 ||| READING scroll labelled JINLUM HUASHA.
   924 | D:1      | 924 ||| READING scroll labelled GUAPUUPPURPH.
   925 | D:1      | 925 ||| DRINKING 2 smoky black potions.
   926 | D:1      | 926 ||| READING 3 scrolls of identify.
   926 | D:1      | 926 ||| IDENTIFYING red potion
   927 | D:1      | 927 ||| DROPPING potion of magic.
   941 | D:2      | Reached XP level 3. HP: 28/28 MP: 4/4
  1095 | D:2      | Noticed Sigmund
  1103 | D:2      | 1103 ||| DRINKING potion of curing.
  1103 | D:2      | 1103 ||| (to cure confusion)
  1113 | D:2      | Killed Sigmund
  1114 | D:2      | Reached skill level 5 in Unarmed Combat
  1114 | D:2      | Reached XP level 4. HP: 28/35 MP: 5/5
  1114 | D:2      | Reached XP level 5. HP: 33/40 MP: 6/6
  1491 | D:2      | 1491 ||| Stepping ~*~*~tactically~*~*~ (stealth).
  1492 | D:2      | 1492 ||| Stepping ~*~*~tactically~*~*~ (stealth).
  1492 | D:2      | Found a snail-covered altar of Cheibriados.
  1495 | D:2      | 1495 ||| Stepping ~*~*~tactically~*~*~ (stealth).
  1523 | D:2      | 1523 ||| Stepping ~*~*~tactically~*~*~ (stealth).
  1525 | D:2      | 1525 ||| Stepping ~*~*~tactically~*~*~ (stealth).
  1601 | D:2      | 1601 ||| Stepping ~*~*~tactically~*~*~ (stealth).
  1603 | D:2      | 1603 ||| Stepping ~*~*~tactically~*~*~ (stealth).
  1609 | D:2      | 1609 ||| Stepping ~*~*~tactically~*~*~ (stealth).
  1700 | D:2      | 1700 ||| Stepping ~*~*~tactically~*~*~ (stealth).
  1707 | D:2      | Reached XP level 6. HP: 41/48 MP: 7/7
  1740 | D:2      | 1740 ||| Stepping ~*~*~tactically~*~*~ (stealth).
  1746 | D:2      | 1746 ||| Stepping ~*~*~tactically~*~*~ (stealth).
  1769 | D:2      | 1769 ||| UPGRADING to +0 leather armour.
  1779 | D:2      | 1779 ||| DROPPING +0 robe.
  1780 | D:2      | 1780 ||| UPGRADING to +0 pair of gloves.
  1785 | D:2      | 1785 ||| UPGRADING to +0 ring mail.
  1795 | D:2      | 1795 ||| DROPPING +0 leather armour.
  1796 | D:2      | 1796 ||| DROPPING amulet of faith.
  1797 | D:2      | 1797 ||| UPGRADING to +6 ring of dexterity.
  1798 | D:2      | 1798 ||| READING scroll labelled ONODOGI UNNUIC.
  1798 | D:2      | Identified a scroll of acquirement
  1798 | D:2      | 1798 ||| ACQUIRING 1066 gold pieces
  1798 | D:2      | Acquired 1066 gold pieces
  1800 | D:2      | 1800 ||| READING scroll labelled CICLUC PAKHAL.
  1801 | D:2      | 1801 ||| DRINKING 2 emerald potions.
  1802 | D:2      | 1802 ||| READING 3 scrolls of identify.
  1802 | D:2      | 1802 ||| IDENTIFYING silvery potion
  1803 | D:2      | 1803 ||| DROPPING potion of lignification.
  1871 | D:3      | 1871 ||| FLEEEEING.
  1877 | D:3      | 1877 ||| FLEEEEING.
  1878 | D:3      | 1878 ||| FLEEEEING.
  1879 | D:3      | 1879 ||| FLEEEEING.
  1880 | D:3      | 1880 ||| FLEEEEING.
  1881 | D:3      | 1881 ||| FLEEEEING.
  1882 | D:3      | 1882 ||| FLEEEEING.
  1883 | D:3      | 1883 ||| FLEEEEING.
  1885 | D:3      | 1885 ||| FLEEEEING.
  1886 | D:3      | 1886 ||| FLEEEEING.
  1981 | D:3      | Found a faded altar of an unknown god.
  1993 | D:3      | Found a shadowy altar of Dithmenos.
  2070 | D:3      | 2070 ||| Stepping ~*~*~tactically~*~*~ (outnumbered).
  2071 | D:3      | 2071 ||| Stepping ~*~*~tactically~*~*~ (outnumbered).
  2072 | D:3      | 2072 ||| Stepping ~*~*~tactically~*~*~ (outnumbered).
  2073 | D:3      | 2073 ||| Stepping ~*~*~tactically~*~*~ (outnumbered).
  2074 | D:3      | 2074 ||| Stepping ~*~*~tactically~*~*~ (outnumbered).
  2075 | D:3      | 2075 ||| Stepping ~*~*~tactically~*~*~ (outnumbered).
  2085 | D:3      | Reached skill level 6 in Unarmed Combat
  2089 | D:3      | HP: 11/48 [orc/+0 war axe (5)]
  2090 | D:3      | 2090 ||| DRINKING 2 potions of heal wounds.
  2504 | D:3      | 2504 ||| UPGRADING to +0 cloak.
  2509 | D:3      | 2509 ||| UPGRADING to +0 scale mail.
  2519 | D:3      | 2519 ||| DROPPING +0 ring mail.
  2520 | D:3      | 2520 ||| UPGRADING to ring of resist corrosion.
  2521 | D:3      | 2521 ||| UPGRADING to ring of willpower.
  2523 | D:3      | 2523 ||| READING scroll labelled IROSAH ASOH.
  2552 | D:3      | 2552 ||| Stepping randomly (stuck).
  2628 | D:3      | 2628 ||| Stepping randomly (stuck).
  2652 | D:4      | 2652 ||| Stepping ~*~*~tactically~*~*~ (stealth).
  2656 | D:4      | 2656 ||| Stepping ~*~*~tactically~*~*~ (outnumbered).
  2657 | D:4      | 2657 ||| Stepping ~*~*~tactically~*~*~ (outnumbered).
  2658 | D:4      | 2658 ||| Stepping ~*~*~tactically~*~*~ (outnumbered).
  2659 | D:4      | 2659 ||| Stepping ~*~*~tactically~*~*~ (outnumbered).
  2660 | D:4      | 2660 ||| Stepping ~*~*~tactically~*~*~ (outnumbered).
  2661 | D:4      | 2661 ||| Stepping ~*~*~tactically~*~*~ (outnumbered).
  2662 | D:4      | 2662 ||| Stepping ~*~*~tactically~*~*~ (outnumbered).
  2663 | D:4      | 2663 ||| Stepping ~*~*~tactically~*~*~ (outnumbered).
  2664 | D:4      | 2664 ||| Stepping ~*~*~tactically~*~*~ (outnumbered).
  2665 | D:4      | 2665 ||| STAIRDANCE
  2666 | D:3      | Found a bloodstained altar of Trog.
  2759 | D:4      | 2759 ||| STAIRDANCE
  2816 | D:4      | 2816 ||| STAIRDANCE
  3031 | D:4      | 3031 ||| STAIRDANCE
  3062 | D:4      | 3062 ||| STAIRDANCE
  3080 | D:4      | 3080 ||| STAIRDANCE
  3087 | D:3      | Reached skill level 1 in Armour
  3294 | D:4      | Noticed a black bear
  3308 | D:4      | Killed a black bear
  3309 | D:4      | Reached skill level 3 in Fighting
  3381 | D:4      | Found a sparkling altar of Nemelex Xobeh.
  3471 | D:4      | 3471 ||| Stepping ~*~*~tactically~*~*~ (stealth).
  3473 | D:4      | 3473 ||| Stepping ~*~*~tactically~*~*~ (hiding).
  3478 | D:4      | 3478 ||| Stepping ~*~*~tactically~*~*~ (outnumbered).
  3480 | D:4      | 3480 ||| Stepping ~*~*~tactically~*~*~ (outnumbered).
  3484 | D:4      | Reached XP level 7. HP: 51/58 MP: 8/8
  3564 | D:4      | 3564 ||| Stepping ~*~*~tactically~*~*~ (outnumbered).
  3565 | D:4      | 3565 ||| Stepping ~*~*~tactically~*~*~ (outnumbered).
  3566 | D:4      | 3566 ||| Stepping ~*~*~tactically~*~*~ (outnumbered).
  3568 | D:4      | 3568 ||| Stepping ~*~*~tactically~*~*~ (outnumbered).
  3569 | D:4      | 3569 ||| Stepping ~*~*~tactically~*~*~ (outnumbered).
  3570 | D:4      | 3570 ||| Stepping ~*~*~tactically~*~*~ (outnumbered).
  3571 | D:4      | 3571 ||| Stepping ~*~*~tactically~*~*~ (outnumbered).
  3572 | D:4      | 3572 ||| Stepping ~*~*~tactically~*~*~ (outnumbered).
  3573 | D:4      | 3573 ||| Stepping ~*~*~tactically~*~*~ (outnumbered).
  3574 | D:4      | 3574 ||| Stepping ~*~*~tactically~*~*~ (outnumbered).
  3575 | D:4      | 3575 ||| Stepping ~*~*~tactically~*~*~ (outnumbered).
  3576 | D:4      | 3576 ||| Stepping ~*~*~tactically~*~*~ (outnumbered).
  3577 | D:4      | 3577 ||| Stepping ~*~*~tactically~*~*~ (outnumbered).
  3578 | D:4      | 3578 ||| Stepping ~*~*~tactically~*~*~ (outnumbered).
  3587 | D:4      | HP: 14/58 [orc/+2 hand axe of freezing (3)]
  3588 | D:4      | 3588 ||| DRINKING potion of heal wounds.
  3621 | D:4      | 3621 ||| FLEEEEING.
  3622 | D:4      | 3622 ||| FLEEEEING.
  3623 | D:4      | 3623 ||| FLEEEEING.
  3624 | D:4      | 3624 ||| FLEEEEING.
  3625 | D:4      | 3625 ||| FLEEEEING.
  3626 | D:4      | 3626 ||| FLEEEEING.
  3627 | D:4      | 3627 ||| FLEEEEING.
  3628 | D:4      | 3628 ||| FLEEEEING.
  3629 | D:4      | 3629 ||| FLEEEEING.
  3630 | D:4      | 3630 ||| FLEEEEING.
  3632 | D:4      | 3632 ||| FLEEEEING.
  3633 | D:4      | 3633 ||| FLEEEEING.
  3634 | D:4      | 3634 ||| FLEEEEING.
  3635 | D:4      | 3635 ||| FLEEEEING.
  3636 | D:4      | 3636 ||| FLEEEEING.
  3637 | D:4      | 3637 ||| FLEEEEING.
  3638 | D:4      | 3638 ||| FLEEEEING.
  3639 | D:4      | 3639 ||| FLEEEEING.
  3640 | D:4      | 3640 ||| FLEEEEING.
  3641 | D:4      | 3641 ||| FLEEEEING.
  3642 | D:4      | 3642 ||| FLEEEEING.
  3643 | D:4      | 3643 ||| FLEEEEING.
  3644 | D:4      | 3644 ||| FLEEEEING.
  3645 | D:4      | 3645 ||| FLEEEEING.
  3646 | D:4      | 3646 ||| FLEEEEING.
  3647 | D:4      | 3647 ||| FLEEEEING.
  3648 | D:4      | 3648 ||| FLEEEEING.
  3649 | D:4      | 3649 ||| FLEEEEING.
  3650 | D:4      | 3650 ||| FLEEEEING.
  3651 | D:4      | 3651 ||| FLEEEEING.
  3652 | D:4      | 3652 ||| FLEEEEING.
  3653 | D:4      | 3653 ||| FLEEEEING.
  3654 | D:4      | 3654 ||| FLEEEEING.
  3655 | D:4      | 3655 ||| FLEEEEING.
  3656 | D:4      | 3656 ||| STAIRDANCE
  3744 | D:3      | 3744 ||| DROPPING +1 robe of resistance.
  3745 | D:3      | 3745 ||| UPGRADING to +0 fire dragon scales.
  3755 | D:3      | 3755 ||| DROPPING +0 scale mail.
  3756 | D:3      | 3756 ||| READING 8 scrolls of identify.
  3756 | D:3      | 3756 ||| IDENTIFYING purple potion
  3757 | D:3      | 3757 ||| DROPPING potion of flight.
  3812 | D:4      | 3812 ||| Stepping ~*~*~tactically~*~*~ (hiding).
  3816 | D:4      | 3816 ||| Stepping ~*~*~tactically~*~*~ (stealth).
  4059 | D:4      | 4059 ||| READING scroll of enchant armour.
  4059 | D:4      | 4059 ||| ENCHANTING +0 pair of gloves.
  4412 | D:4      | 4412 ||| READING scroll labelled MIERAZX TUFIA.
  4439 | D:5      | Entered Level 5 of the Dungeon
  4440 | D:5      | 4440 ||| PLANNING SEWER
  4445 | D:5      | Found a glowing drain.
  4462 | Sewer    | Entered a sewer
  4476 | Sewer    | 4476 ||| Stepping ~*~*~tactically~*~*~ (stealth).
  4502 | Sewer    | 4502 ||| Stepping ~*~*~tactically~*~*~ (outnumbered).
  4503 | Sewer    | 4503 ||| Stepping ~*~*~tactically~*~*~ (outnumbered).
  4562 | Sewer    | 4562 ||| Stepping ~*~*~tactically~*~*~ (water).
  4683 | Sewer    | Reached skill level 7 in Unarmed Combat
  4864 | Sewer    | 4864 ||| Stepping ~*~*~tactically~*~*~ (water).
  5225 | Sewer    | 5225 ||| DRINKING 2 green potions.
  5257 | D:5      | 5257 ||| PLANNING D:1-11
  5312 | D:5      | Reached skill level 8 in Unarmed Combat
  5526 | D:5      | 5526 ||| Stepping ~*~*~tactically~*~*~ (hiding).
  5542 | D:5      | Reached XP level 8. HP: 67/67 MP: 9/9
  5542 | D:5      | 5542 ||| Stepping ~*~*~tactically~*~*~ (stealth).
  5557 | D:5      | 5557 ||| Stepping ~*~*~tactically~*~*~ (stealth).
  5559 | D:5      | 5559 ||| Stepping ~*~*~tactically~*~*~ (hiding).
  5909 | D:5      | Noticed Blork the orc
  5910 | D:5      | 5910 ||| Stepping ~*~*~tactically~*~*~ (hiding).
  5920 | D:5      | Killed Blork the orc
  6044 | D:5      | Reached skill level 9 in Unarmed Combat
  6372 | D:5      | Found Yfuown's Distillery.
  6381 | D:5      | 6381 ||| BUYING potion of cancellation (80 gold).
  6381 | D:5      | Bought a potion of cancellation for 80 gold pieces
  6381 | D:5      | 6381 ||| BUYING potion of haste (100 gold).
  6381 | D:5      | Bought a potion of haste for 100 gold pieces
  6381 | D:5      | 6381 ||| BUYING potion of heal wounds (50 gold).
  6381 | D:5      | Bought a potion of heal wounds for 50 gold pieces
  6381 | D:5      | 6381 ||| BUYING potion of might (40 gold).
  6381 | D:5      | Bought a potion of might for 40 gold pieces
  6381 | D:5      | 6381 ||| BUYING potion of resistance (100 gold).
  6381 | D:5      | Bought a potion of resistance for 100 gold pieces
  6413 | D:5      | 6413 ||| Stepping ~*~*~tactically~*~*~ (stealth).
  6460 | D:5      | 6460 ||| Stepping ~*~*~tactically~*~*~ (stealth).
  6765 | D:5      | 6765 ||| DROPPING +6 ring of intelligence.
  6766 | D:5      | 6766 ||| DROPPING ring of wizardry.
  6767 | D:5      | 6767 ||| READING 9 scrolls of identify.
  6767 | D:5      | 6767 ||| IDENTIFYING sedimented orange potion
  6768 | D:5      | 6768 ||| READING 8 scrolls of identify.
  6768 | D:5      | 6768 ||| IDENTIFYING glowing clear potion
  6769 | D:5      | 6769 ||| DROPPING potion of degeneration.
  6770 | D:5      | 6770 ||| DROPPING potion of ambrosia.
  6810 | D:6      | Noticed a two-headed ogre
  6816 | D:6      | HP: 17/68 [two-headed ogre/+0 giant club (14)]
  6817 | D:6      | 6817 ||| READING scroll of teleportation.
  6818 | D:6      | 6818 ||| DRINKING 2 potions of heal wounds.
  7104 | D:6      | HP: 9/68 [two-headed ogre/+0 giant club (30)]
  7104 | D:6      | Slain by a two-headed ogre

Levels and vault maps discovered:
D:1:      lightli_arrival_statuegarden, layout_basic, serial_shops, shop,
          minivault_27, hangedman_abyss_or_decor_lesser_grid,
          minmay_misc_feat_x, corexii_corridor_pit
D:2:      layout_loops_ring, basic_altar, minmay_box_of_dots, uniq_sigmund
D:3:      layout_basic, nicolae_overflow_ecumenical_swirl,
          mainiacjoe_overflow_six_doors_small, nicolae_kite_square_tiling_tiny
D:4:      layout_cave_pods, kennysheep_mini_moat, nicolae_wormholes
D:5:      layout_loops_corners, serial_shops, nicolae_lakefront_shop,
          portal_sewer_entry_f, amcnicky_mini_corridor_feature, dk_vineyard_3,
          grunt_ministairs_1, serial_bayou_crossing, uniq_blork_the_orc
D:6:      minmay_angry_zag, layout_basic, nicolae_overflow_two_pavilions,
          temple_statues, uniq_menkaure

Skill      XL: |  1  2  3  4  5  6  7  8 |
---------------+-------------------------+-----
Unarmed Combat | 1 2 5 6 8 9 |  9.4
Fighting       | 1 2 3 4 5 |  5.0
Armour         | 1 2 |  2.0
Dodging        | |  1.7
Stealth        | |  2.1
Spellcasting   | |  1.7
Conjurations   | |  0.7
Fire Magic     | |  2.4

Action                   |  1- 3 |  4- 6 |  7- 9 || total
-------------------------+-------+-------+-------++-------
Melee: Unarmed           |    96 |   174 |   285 ||   555
       Punch             |     2 |     5 |     9 ||    16
Throw: Boomerang         |       |     9 |    20 ||    29
  Use: Scroll            |     5 |     4 |     6 ||    15
       Potion            |     2 |     2 |     3 ||     7
 Stab: Sleeping          |     1 |       |       ||     1
Armor: Robe              |    18 |     3 |       ||    21
       Scale mail        |       |    51 |    15 ||    66
       Ring mail         |       |     8 |       ||     8
       Fire dragon scale |       |       |    90 ||    90
Dodge: Dodged            |    55 |    68 |    98 ||   221

Table legend:
 A = Non-vault XP
 B = Vault XP
 C = Vault XP percentage of total XP
 D = Non-vault monster count
 E = Vault monster count
 F = Vault count percentage of total count
                 A         B        C        D         E       F
            +---------+---------+-------+---------+---------+-------
      Total |    1242 |     672 |  35.1 |      95 |      38 |  28.6
            +---------+---------+-------+---------+---------+-------
        D:1 |      32 |       0 |   0.0 |      19 |       0 |   0.0
        D:2 |      57 |     232 |  80.3 |      17 |       4 |  19.0
        D:3 |      75 |      25 |  25.0 |      19 |       5 |  20.8
        D:4 |     318 |       0 |   0.0 |      22 |       0 |   0.0
        D:5 |     747 |     207 |  21.7 |      17 |       9 |  34.6
        D:6 |      13 |       0 |   0.0 |       1 |       0 |   0.0
      Sewer |       0 |     208 | 100.0 |       0 |      20 | 100.0
            +---------+---------+-------+---------+---------+-------
